AoeStats
← paulsolleron

Arabia

509076016Analyzed
1v1 RM · 8d ago on Sep 25, 2026· 30m 31s· 2 players
Game mode
Random Map
Map size
Tiny (2 player)
Population
200
Speed
Normal
Resources
Standard
Victory
Conquest
Starting age
Dark Age
Ending age
Imperial Age
RankedLock teamsTeams togetherTeam positionsShared explorationLock speedFull tech treeHidden civsTurbo modeCheats
Victory
Defeat
🇹🇼 Bohemians · Taiwan
993
+18
🇨🇳 Mongols · China
1029
-18
HoNgGAn
6:04 Loom
10:03 Feudal Age
14:03 Castle Age
12:58 Double-Bit Axe
paulsolleron
5:22 Loom
8:47 Feudal Age
9:42 Double-Bit Axe
12:46 Horse Collar
15:47 Town Watch
22:33 Castle Age
21:35 Gold Mining
24:11 Fletching
Connection lost

Rejoining the realm…

Still unreachable

The connection could not be restored.

Session expired

The server has moved on; the page needs a fresh start.